 Dungeon Crawl Stone Soup version 0.19-a0-1457-g32fba05 (webtiles) character file.

8089 Scytalen the Cruncher (level 11, -3/85 HPs)
             Began as a Demonspawn Gladiator on Sept 5, 2016.
             Was an Elder of Nemelex Xobeh.
             Slain by a cyan ugly thing (12 damage)
             ... on level 10 of the Dungeon on Sept 6, 2016.
             The game lasted 00:43:56 (14551 turns).

Scytalen the Cruncher (Demonspawn Gladiator)       Turns: 14551, Time: 00:43:57

Health: -3/85      AC: 16    Str: 21    XL:     11   Next: 5%
Magic:  0/17       EV:  9    Int: 12    God:    Nemelex Xobeh [****..]
Gold:   325        SH:  0    Dex: 16    Spells: 0 memorised, 10 levels left

rFire  . . .     SeeInvis .     a - +0 quarterstaff
rCold  + . .     Gourm    .     h - +2 chain mail of Wariness {rN+ Str+4}
rNeg   + + .     Faith    .     (shield currently unavailable)
rPois  .         Spirit   +     D - +2 hat of the Komodo Dragon {Int+3}
rElec  .         Dismiss  .     (no cloak)
rCorr  .         Reflect  .     (no gloves)
MR     .....     Harm     .     u - +0 pair of boots
Stlth  ..........               (no amulet)
                                s - ring of positive energy
                                G - +5 ring of slaying

@: no status effects
A: claws 2, molten scales 1, cold resistance 1, magic shield
a: Triple Draw, Deal Four, Renounce Religion


You were on level 10 of the Dungeon.
You worshipped Nemelex Xobeh.
Nemelex Xobeh was greatly pleased with you.
You were not hungry.

You visited 2 branches of the dungeon, and saw 12 of its levels.

You collected 625 gold pieces.
You spent 300 gold pieces at shops.

Inventory:

Hand Weapons
 a - a +0 quarterstaff (weapon)
 b - a +0 blowgun
Missiles
 d - 5 throwing nets
 e - 205 stones
 k - 96 sling bullets
 w - 9 poisoned needles
 F - 6 tomahawks (quivered)
Armour
 h - the +2 chain mail of Wariness (worn) {rN+ Str+4}
   (You found it on level 6 of the Dungeon)

   It affects your strength (+4).
   It protects you from negative energy.
 u - a +0 pair of boots (worn)
 D - the +2 hat of the Komodo Dragon (worn) {Int+3}
   (You bought it in a shop on level 6 of the Dungeon)

   It affects your intelligence (+3).
Jewellery
 p - an uncursed ring of fire
 s - a ring of positive energy (right claw)
 G - a +5 ring of slaying (left claw)
Wands
 o - a wand of heal wounds (4/9)
 I - a wand of lightning (5/15)
 J - a wand of iceblast (4/15)
 K - a wand of flame (10/48)
Scrolls
 g - 2 scrolls of enchant weapon {unknown}
 i - a scroll of magic mapping
 l - 2 scrolls of random uselessness {unknown}
 m - 2 scrolls of remove curse
 r - 3 scrolls of teleportation
 v - a scroll of immolation
 y - a scroll of fear {unknown}
 L - a scroll of enchant armour {unknown}
 R - a scroll of vulnerability {unknown}
Potions
 n - 3 potions of flight
 q - 3 potions of curing
 z - 2 potions of agility
 B - a potion of cure mutation
 E - a potion of invisibility {unknown}
 N - a potion of berserk rage
 P - a potion of resistance {unknown}
Books
 M - a book of Beasts

   Spells                             Type                      Level
   a - Summon Butterflies             Summoning                    1
   b - Call Canine Familiar           Summoning                    3
   c - Summon Ice Beast               Ice/Summoning                4
   d - Summon Mana Viper              Hexes/Summoning              5
   e - Summon Hydra                   Summoning                    7
 Q - a book of Transfigurations

   Spells                             Type                      Level
   a - Irradiate                      Conjuration/Transmutation    5
   b - Statue Form                    Transmutation/Earth          6
   c - Hydra Form                     Transmutation                6
   d - Dragon Form                    Transmutation                7
Miscellaneous
 c - a plain deck of escape
 t - a plain deck of summoning {drawn: 7}
 C - an ornate deck of summoning
 H - an ornate deck of summoning {drawn: 1}
Comestibles
 f - 9 bread rations
 j - 7 meat rations
 x - 4 beef jerkies
 A - 6 fruits
 O - 14 chunks of flesh


   Skills:
 + Level 7.7 Fighting
 * Level 12.3 Staves
 - Level 1.7 Throwing
 + Level 3.6 Armour
 - Level 2.6 Dodging
 + Level 8.3 Invocations


You had 10 spell levels left.
You didn't know any spells.

Dungeon Overview and Level Annotations

Branches:
Dungeon (11/15)            Temple (1/1) D:4            Lair (0/6) D:9
    Orc: D:9-12

Altars:
Ashenzari
Cheibriados
Gozag
Hepliaklqana
Kikubaaqudgha
Nemelex Xobeh
Okawaru
Ru
Trog
Yredelemnul
Zin
The Shining One

Shops:
D:6 [

Annotations:
D:5 stickyfingers's ghost, novice HOMo
D:11 1 runed door


Innate Abilities, Weirdness & Mutations

You have very sharp fingernails.
You are partially covered in molten scales. (AC +2)
Your flesh is cold resistant. (rC+)
When hurt, damage is shared between your health and your magic reserves.


Message History

There is a stone staircase leading down here.
You take 30 damage, and have 42/85 hp.
MASSIVE DAMAGE!!
You now have 11/17 mp.
Okay, then.
The cyan ugly thing bites you! The cyan ugly thing shocks you!
* * * LOW HITPOINT WARNING * * *
The troll bites you!
* * * LOW HITPOINT WARNING * * *
The troll closely misses you. The troll claws you.
* * * LOW HITPOINT WARNING * * *
You take 32 damage, and have 10/85 hp.
MASSIVE DAMAGE!!
You now have 3/17 mp.
The troll bites you but does no damage.
The troll claws you but does no damage. x2
The cyan ugly thing bites you.
* * * LOW HITPOINT WARNING * * *
The cyan ugly thing shocks you!
You die...
Your body glows with a rainbow of weird colours and disappears.

#########
#.......######
#####>.(..........
#.T.#TT......#####
#T#.#.######.#####
#u#.T.............
#@###.##..........
#.................
#####.##..........
#.##..........
#.##..........
#.##....######
#.##.##.# #.# #.#


You could see a cyan ugly thing and 2 trolls.

Vanquished Creatures
  A centaur skeleton (D:9)
  4 trolls
  A spriggan (D:9)
  4 yaks
  A vampire (D:10)
  A wyvern (D:9)
  Eustachio (D:4)
  2 hippogriffs
  3 ice beasts
  A black bear (D:4)
  2 sky beasts
  An orc warrior (D:8)
  An eye of draining (D:8)
  3 phantoms
  5 wolves
  3 ogres
  3 centaurs
  2 big kobolds (D:7)
  8 giant frogs
  A wyvern zombie (D:9)
  A killer bee (D:6)
  A scorpion (D:9)
  2 wights (D:5)
  A howler monkey (D:11)
  3 electric eels (D:9)
  7 crimson imps
  A quasit (D:9)
  2 jellies (D:7)
  7 hounds
  4 orc wizards
  A gnoll shaman (D:8)
  A giant frog skeleton (D:4)
  8 worker ants
  2 hound skeletons
  A worker ant zombie (D:9)
  60 gnolls
  8 adders
  2 shadow imps
  5 adder skeletons
  2 worms (D:2)
  3 dart slugs
  5 giant geckos
  25 orcs
  9 bats
  4 giant cockroaches
  5 goblins
  7 hobgoblins
  21 jackals
  14 kobolds
  9 quokkas
  2 ball pythons
  A giant gecko zombie (D:7)
  6 giant newts
  A jackal skeleton (D:5)
  A quokka skeleton (D:8)
  6 rats
286 creatures vanquished.

Vanquished Creatures (collateral kills)
  A hydra (D:6)
  A gargoyle (D:7)
  A two-headed ogre (D:9)
  A black bear (D:7)
  An ogre (D:4)
  A giant frog (D:7)
  A howler monkey (D:7)
  A jelly (D:7)
  2 gnolls (D:4)
  A shadow imp (D:7)
  A worm (D:4)
12 creatures vanquished.

Vanquished Creatures (others)
  A wight (D:5)
  A hound (D:4)
  An iguana (D:4)
3 creatures vanquished.

Grand Total: 301 creatures vanquished

Notes
Turn   | Place    | Note
-------+----------+-------------------------------------------
     0 | D:1      | Scytalen the Demonspawn Gladiator began the quest for the Orb.
     0 | D:1      | Reached XP level 1. HP: 16/16 MP: 1/1
    80 | D:1      | Reached skill level 3 in Staves
   276 | D:1      | Gained mutation: Your flesh is cold resistant. (rC+) [demonic ancestry]
   276 | D:1      | Reached XP level 2. HP: 22/22 MP: 2/2
   328 | D:1      | Upgraded the game from 0.19-a0-1442-g3b32ff5 to 0.19-a0-1457-g32fba05
   870 | D:2      | Gained mutation: When hurt, damage is shared between your health and your magic reserves. [demonic ancestry]
   870 | D:2      | Reached XP level 3. HP: 23/27 MP: 3/3
   906 | D:2      | Found a sparkling altar of Nemelex Xobeh.
   943 | D:2      | Reached skill level 4 in Staves
   954 | D:2      | Became a worshipper of Nemelex Xobeh the Trickster
  1149 | D:2      | Received a gift from Nemelex Xobeh
  1173 | D:2      | Found a glowing golden altar of the Shining One.
  1561 | D:2      | Reached skill level 1 in Invocations
  1744 | D:2      | Reached XP level 4. HP: 32/33 MP: 2/4
  2929 | D:3      | Reached * piety under Nemelex Xobeh
  2942 | D:3      | Reached XP level 5. HP: 28/38 MP: 6/6
  3205 | D:3      | Reached skill level 5 in Staves
  3622 | D:3      | Found a shattered altar of Ashenzari.
  4378 | D:4      | Reached XP level 6. HP: 43/44 MP: 8/8
  4583 | D:4      | HP: 1/44 [ogre/giant club (5)]
  4604 | D:4      | You fall through a shaft!
  4604 | D:5      | Entered Level 5 of the Dungeon
  4966 | D:5      | Received a gift from Nemelex Xobeh
  4991 | D:5      | Noticed stickyfingers's ghost (novice HOMo)
  5077 | D:4      | Reached skill level 6 in Staves
  5121 | D:4      | Reached XP level 7. HP: 19/50 MP: 5/10
  5951 | D:4      | Reached skill level 7 in Staves
  5951 | D:4      | Reached skill level 5 in Invocations
  7078 | D:4      | Gained mutation: You have sharp fingernails. [demonic ancestry]
  7078 | D:4      | Reached XP level 8. HP: 39/56 MP: 8/12
  7262 | D:4      | Reached skill level 8 in Staves
  7615 | D:4      | Found a staircase to the Ecumenical Temple.
  7636 | D:4      | Noticed Eustachio
  7642 | Temple   | Entered the Ecumenical Temple
  7751 | D:4      | Killed Eustachio
  7851 | D:4      | Received a gift from Nemelex Xobeh
  8186 | D:5      | Reached ** piety under Nemelex Xobeh
  8331 | D:5      | Reached skill level 9 in Staves
  8619 | D:5      | Found an opulent altar of Gozag.
  9109 | D:5      | Found a basalt altar of Yredelemnul.
  9155 | D:6      | Got a translucent chain mail
  9166 | D:6      | Identified the +2 chain mail of Wariness {rN+ Str+4} (You found it on level 6 of the Dungeon)
  9181 | D:5      | Found a hazy altar of Hepliaklqana.
  9223 | D:6      | Received a gift from Nemelex Xobeh
  9226 | D:6      | Found an ancient bone altar of Kikubaaqudgha.
  9311 | D:6      | Noticed Sigmund
  9312 | D:6      | Noticed Sigmund
  9312 | D:6      | Sigmund changed into Sigmund the killer bee
  9328 | D:6      | Killed Sigmund the killer bee
  9328 | D:6      | Gained mutation: You have very sharp fingernails. [demonic ancestry]
  9328 | D:6      | Reached XP level 9. HP: 58/66 MP: 11/13
  9991 | D:6      | Noticed a five-headed hydra
 10007 | D:6      | Killed a five-headed hydra
 10056 | D:6      | Found Seskuax's Armour Emporium.
 10061 | D:6      | Bought the +2 hat of the Komodo Dragon {Int+3} for 300 gold pieces
 10099 | D:6      | Reached skill level 5 in Fighting
 10099 | D:6      | Reached skill level 10 in Staves
 10220 | D:7      | Reached *** piety under Nemelex Xobeh
 10328 | D:7      | Received a gift from Nemelex Xobeh
 10547 | D:7      | Noticed a gargoyle
 10558 | D:7      | Killed a gargoyle
 11350 | D:7      | Reached skill level 11 in Staves
 11370 | D:7      | Found a sacrificial altar of Ru.
 11377 | D:7      | Found a glowing silver altar of Zin.
 11392 | D:7      | Found an iron altar of Okawaru.
 11509 | D:7      | Received a gift from Nemelex Xobeh
 11760 | D:8      | Found a bloodstained altar of Trog.
 11845 | D:8      | Reached XP level 10. HP: 58/77 MP: 9/14
 12147 | D:9      | Reached skill level 1 in Armour
 12970 | D:9      | Found a staircase to the Lair.
 13215 | D:9      | Reached **** piety under Nemelex Xobeh
 13316 | D:9      | Found a snail-covered altar of Cheibriados.
 13559 | D:9      | Received a gift from Nemelex Xobeh
 13945 | D:10     | Entered Level 10 of the Dungeon
 13957 | D:10     | Reached skill level 12 in Staves
 14442 | D:10     | Gained mutation: You are partially covered in molten scales. (AC +2) [demonic ancestry]
 14442 | D:10     | Reached XP level 11. HP: 83/85 MP: 17/17
 14538 | D:11     | Found a runed door.
 14538 | D:11     | Noticed a cyan ugly thing
 14551 | D:10     | Slain by a cyan ugly thing

Vault maps used:
D:1:      dpeg_arrival_yet_another_circle, minivault_14,
          corexii_leaking_fountain
D:2:      tso_metal_star, nemelex_xobeh_ov_fountains_minmay, minmay_unequal
D:3:      overflow_temple_1_default
D:4:      lemuel_castle_with_subvaults, uniq_eustachio
D:5:      nicolae_overflow_hidden_temple, first_bread
D:6:      kiku_gazebo_garden_becter, serial_shops, shop, serial_bayou_lagoon_a,
          nicolae_zen_rock_garden, uniq_sigmund
D:7:      mumra_celtic_spiral_tile, minmay_overflow_temple_star_quad
D:8:      bloody_trog
D:9:      lemuel_crystal_altar, erik_lair_island, the_bakery
D:11:     minmay_mutant_horseshoe, orc_0_dummy,
          nicolae_trove_entry_path_of_doom, serial_shops,
          nicolae_shop_statue_plus, minmay_statue_crystal_thing
Temple:   jpeg_temple_island

Skill      XL: |  1  2  3  4  5  6  7  8  9 10 |
---------------+-------------------------------+-----
Staves         | 3 4 5 6 7 9 11 12 | 12.3
Invocations    | 1 2 3 4 5 6 8 |  8.3
Fighting       | 4 6 7 |  7.7
Armour         | 3 |  3.6
Throwing       | |  1.7
Dodging        | |  2.6

Action                   |  1- 3 |  4- 6 |  7- 9 | 10-12 || total
-------------------------+-------+-------+-------+-------++-------
Melee: Quarterstaff      |   110 |   214 |   572 |   214 ||  1110
Throw: Stone             |    62 |    80 |   198 |    47 ||   387
       Throwing net      |       |       |     2 |     3 ||     5
       Tomahawk          |       |       |     3 |    46 ||    49
Evoke: Deck              |       |    15 |    14 |     3 ||    32
       Wand              |       |       |     1 |    12 ||    13
  Use: Scroll            |       |     5 |     5 |     1 ||    11
       Potion            |       |       |     2 |       ||     2
 Stab: Held in net/web   |       |       |     2 |       ||     2
       Distracted        |       |       |     1 |       ||     1
  Eat: Chunk             |     3 |     9 |    22 |     9 ||    43
       Beef jerky        |       |       |     1 |       ||     1
Armor: Leather armour    |    22 |     4 |       |       ||    26
       Scale mail        |       |    58 |    88 |       ||   146
       Chain mail        |       |       |    90 |    96 ||   186
Dodge: Dodged            |    79 |   145 |   215 |    65 ||   504
